Map: Carnage sur Korhal EC

Players

Holyjkk

  • Race: Terran Terran
  • League: Silver
  • Spawn Location: 12:00

zidar - Winner!

  • Race: Zerg Zerg
  • League: Silver
  • Spawn Location: 6:00

VOD

Have the link to the VOD?

Description

Time

  • Played on: May 12, 2016, 2:10 p.m.
  • Length: 5:03
Show
View Real Time Build Order
Export as new Build Order

Holyjkk Terran 

Build Orders: Reaper Expand 

Get SALT Encoding   

  12  0:01  SCV  
  13  0:13  SCV  
  14  0:18  Supply Depot  
  14  0:25  SCV  
  15  0:40  SCV  
  15  0:42  Barracks  
  16  0:46  Refinery  
  16  1:02  SCV  
  17  1:35  Command Center  
  17  1:37  SCV  
  18  1:41  Reaper  
  18  1:42  Barracks  
  19  1:53  Orbital Command  
  19  2:05  Refinery  
  19  2:16  Factory  
  19  2:26  SCV  
  20  2:38  SCV  
  20  2:39  Barracks Tech Lab  
  20  2:40  Barracks Reactor  
  21  2:46  Orbital Command  
  21  2:50  SCV  
  22  3:00  Engineering Bay  
  22  3:03  SCV  
  23  3:12  Starport  
  23  3:14  Factory Reactor  
  23  3:15  SCV  
  24  3:23  Marine  
  24  3:25  Marine  
  26  3:29  SCV  
  26  3:32  SCV  
  28  3:44  Marauder  
  30  3:49  SCV  
  30  3:50  SCV  
  32  3:59  Starport Reactor  
  36  4:04  SCV  
  36  4:05  SCV  
  36  4:07  Widow Mine  
  36  4:08  Widow Mine  
  38  4:19  Supply Depot  
  38  4:22  Supply Depot  
  38  4:40  Marine x2  
  38  4:41  Marauder, SCV x2  
Show
View Real Time Build Order
Export as new Build Order

zidar Zerg - Winner!

Build Orders: Pool First 

Get SALT Encoding   

  12  0:01  Drone  
  13  0:12  Overlord  
  13  0:17  Drone  
  14  0:30  Drone x2  
  14  0:34  Drone  
  17  0:47  Spawning Pool  
  16  0:50  Drone  
  17  1:14  Hatchery, Drone  
  17  1:19  Extractor  
  17  1:20  Drone  
  17  1:30  Drone  
  18  1:35  Queen  
  20  1:43  Drone  
  20  1:46  Overlord  
  21  1:50  Drone  
  22  2:07  Zergling x2  
  23  2:15  Roach Warren  
  23  2:17  Queen  
  23  2:35  Extractor  
  23  2:36  Drone x4  
  26  2:38  Overlord  
  26  2:54  Drone x4  
  30  3:13  Roach x4  
  38  3:27  Evolution Chamber  
  37  3:36  Roach x3  
  43  3:45  Ravager  
  44  3:50  Overlord  
  44  3:51  Overlord  
  44  4:09  Drone x5  
  49  4:16  Ravager  
  50  4:20  Drone x2  
  50  4:24  Queen  
Tags
 
Add a new tag
Caveats
  • Supply blocks, unpowered buildings, or Contaminate may cause inaccurate times.
  • Supply counts are checked every 10 seconds.